 Dungeon Crawl Stone Soup version 0.30-a0-879-ga8ba668304 (webtiles) character file.

Game seed: 186147924754211330

620 oldriver the Firebug (level 7, -2/51 HPs)
             Began as a Pale Draconian Fire Elementalist on Mar 13, 2023.
             Was an Initiate of Gozag.
             Killed themself with a badly aimed concussive blast (9 damage)
             ... on level 5 of the Dungeon.
             The game lasted 00:08:38 (8002 turns).

oldriver the Firebug (DrFE)                         Turns: 8002, Time: 00:08:44

Health: -2/51      AC:  7    Str: 10    XL:     7   Next: 22%
Magic:  8/14       EV: 12    Int: 18    God:    Gozag
Gold:   569        SH:  0    Dex: 11    Spells: 3/16 levels left

rFire   . . .      SeeInvis .    n - +1 short sword (drain)
rCold   . . .      Faith    .    (no shield)
rNeg    . . .      Spirit   .    (body armour unavailable)
rPois   .          Reflect  .    (helmet restricted)
rElec   .          Rampage  .    i - +0 cloak
rCorr   .                        (no gloves)
Will    .....                    (no boots)
Stlth   ++                       (no amulet)
HPRegen 0.28/turn                (no ring)
MPRegen 0.14/turn                (no ring)

@: very slightly contaminated
A: breathe steam, AC +6, unfitting armour, cold-blooded, steam resistance
a: Breathe Steam, Renounce Religion, Potion Petition, Call Merchant, Bribe
Branch


You were on level 5 of the Dungeon.
You worshipped Gozag.
Gozag was pleased with you.
You visited 1 branch of the dungeon, and saw 5 of its levels.

You collected 642 gold pieces.
You paid 73 gold pieces to Gozag.

Inventory:

Hand Weapons
 n - a +1 short sword of draining (weapon)
Missiles
 m - 3 poisoned darts
Armour
 d - a scarf of shadows
 i - a +0 cloak (worn)
Jewellery
 o - a ring of magical power
 p - a +6 ring of intelligence
Scrolls
 c - a scroll of torment {unknown}
 e - a scroll of immolation {unknown}
 g - a scroll of fog {unknown}
 k - 6 scrolls of identify {unknown}
 l - a scroll of vulnerability {unknown}
Potions
 a - 2 potions of magic
 b - 3 potions of attraction {unknown}
 f - a potion of brilliance {unknown}
 h - 2 potions of heal wounds {unknown}
 j - a potion of curing {unknown}


   Skills:
 + Level 0.6 Fighting
 - Level 2.0 Dodging
 + Level 2.2 Stealth
 * Level 5.0 Spellcasting
 - Level 2.0 Conjurations
 + Level 6.5 Fire Magic
 + Level 0.6 Air Magic


You had 3 spell levels left.
You knew the following spells:

 Your Spells              Type           Power      Damage    Failure   Level
a - Foxfire               Conj/Fire      76%        2x1d7     2%          1
b - Scorch                Fire           56%        2d7       1%          2
c - Inner Flame           Hex/Fire       16%        N/A       11%         3
d - Kindle Blastsparks    Fire/Tloc/Air  26%        2d12      16%         3
e - Flame Wave            Conj/Fire      19%        2d7       22%         4

Your spell library contained the following spells:

 Spells                   Type           Power      Damage    Failure   Level
 Ensorcelled Hibernation  Hex/Ice        8%         N/A       21%         2
 Passwall                 Tmut/Erth      3%         N/A       21%         2
 Swiftness                Air            6%         N/A       30%         3


Dungeon Overview and Level Annotations

Branches:
Dungeon (5/15)
 Temple: D:4-7

Altars:
Gozag

Shops:
D:2 ==   D:3 *

Annotations:
D:3 1 runed translucent door, Crazy Yiuf


Innate Abilities, Weirdness & Mutations

You can breathe blasts of scalding, opaque steam.
Your pale cyan-grey scales are hard. (AC +6)
You cannot fit into any form of body armour.
You are cold-blooded and may be slowed by cold attacks.
You are immune to the effects of steam.


Message History

The black bear is moderately wounded.
The cloud of blastsparks explodes!
The concussive blast engulfs the black bear!
The black bear is almost dead.
The concussive blast engulfs you!
There is not enough space to conjure foxfire!
Casting: Foxfire (safe; 2% risk of failure)
Confirm with . or Enter, or press ? or * to list all spells.
Flames lash the black bear.
You kill the black bear!
Your Spellcasting skill increases to level 5!
You start resting.
HP restored.
You now have 563 gold pieces (gained 4).
Magic restored.
You now have 569 gold pieces (gained 6).
Things that are here:
a +0 flail; a +0 chain mail An ice beast comes into view.
The ogre shouts!
The ice beast moves out of view.
Casting: Scorch (safe; 1% risk of failure)
Confirm with . or Enter, or press ? or * to list all spells.
You miscast Kindle Blastsparks.
You are very lightly contaminated with residual magic.
Nothing appears to happen.
The ogre hits you with a +0 giant spiked club!!
Things that are here:
a +0 flail; a +0 chain mail
Casting: Kindle Blastsparks (dangerous; 16% risk of failure)
Confirm with . or Enter, or press ? or * to list all spells.
A cloud of volatile blastsparks flares up around you!
The ogre attacks as you move away!
The ogre hits you with a +0 giant spiked club!!
* * * LOW HITPOINT WARNING * * *
The cloud of blastsparks explodes!
The concussive blast engulfs the ogre!
The ogre is heavily wounded.
The concussive blast engulfs you!
You die...
Your body crumbles into a pile of gold.

######
#....####
#....Y...
#.####
#....######
########
#..O@.....#
#.......
######....#
#.######
######.##
#.#
#<......#
#.#
#######.#
#.# #.# #.#
#.# #.# #.#
#.# #.# #.#


You could see an ogre.

Vanquished Creatures
  2 black bears
  A howler monkey (D:4)
  3 hounds (D:4)
  An iguana (D:5)
  2 sleepcaps (D:5)
  Robin (D:4)
  10 adders
  An ufetubus (D:3)
  4 worms
  3 dart slugs
  An orc (D:5)
  7 endoplasms
  3 giant cockroaches
  18 goblins
  13 hobgoblins
  3 jackals (D:2)
  3 quokkas
  9 ball pythons
  11 bats
  5 frilled lizards
  13 kobolds
  7 rats
121 creatures vanquished.

Vanquished Creatures (collateral kills)
  A foxfire (D:1)
1 creature vanquished.

Vanquished Creatures (others)
  711 foxfires
  A plant (D:1)
712 creatures vanquished.

Grand Total: 834 creatures vanquished

Notes
Turn   | Place    | Note
-------+----------+-------------------------------------------
     0 | D:1      | oldriver the Draconian Fire Elementalist began the quest
                  | for the Orb.
     0 | D:1      | Reached XP level 1. HP: 14/14 MP: 3/3
   509 | D:1      | Reached XP level 2. HP: 20/20 MP: 0/5
  1442 | D:1      | Reached XP level 3. HP: 26/26 MP: 3/6
  2042 | D:1      | Learned a level 2 spell: Scorch
  3137 | D:2      | Reached XP level 4. HP: 33/33 MP: 2/8
  3329 | D:2      | Found Mimoniext's Jewellery Shoppe.
  3332 | D:2      | Found Kath's Jewellery Boutique.
  4468 | D:3      | Reached skill level 4 in Fire Magic
  4847 | D:3      | Found an opulent altar of Gozag.
  4862 | D:3      | Became a worshipper of Gozag Ym Sagoz the Greedy
  4944 | D:3      | Found Nywapt's General Store.
  5005 | D:3      | Reached XP level 5. HP: 38/38 MP: 1/10
  5358 | D:3      | Found a runed translucent door.
  5359 | D:3      | Noticed Crazy Yiuf
  5750 | D:4      | Noticed a black bear
  5755 | D:4      | Killed a black bear
  5764 | D:4      | Reached XP level 6. HP: 45/45 MP: 1/12
  5982 | D:4      | Reached skill level 5 in Fire Magic
  6284 | D:4      | Noticed Robin
  6488 | D:4      | Killed Robin
  7454 | D:5      | Entered Level 5 of the Dungeon
  7795 | D:5      | Your scales start taking on a pale cyan-grey colour.
  7795 | D:5      | Reached skill level 6 in Fire Magic
  7795 | D:5      | Reached XP level 7. HP: 50/50 MP: 0/14
  7795 | D:5      | Gained mutation: You are immune to the effects of steam.
                  | [Pale Draconian growth]
  7799 | D:5      | Learned a level 3 spell: Inner Flame
  7803 | D:5      | Learned a level 3 spell: Kindle Blastsparks
  7808 | D:5      | Learned a level 4 spell: Flame Wave
  7923 | D:5      | Reached skill level 5 in Spellcasting
  8002 | D:5      | Killed themself with a badly aimed concussive blast

Illustrated notes

Levels and vault maps discovered:
D:1:      dpeg_arrival_round_c, layout_basic, st_stairs_5, columned_hall_lemuel,
          nrook_mini_backslash, chequers_big_river
D:2:      layout_basic, serial_shops, shop, shop_fountains
D:3:      layout_rooms, nicolae_gozag_cash_rules_everything_around_me,
          serial_shops, shop, uniq_crazy_yiuf_cottage
D:4:      layout_rooms, st_stairs_3, kennysheep_generic_room_15, uniq_robin
D:5:      minmay_angry_zag, layout_basic, mainiacjoe_overflow_two_lobes,
          minmay_stone_trees_small

Skill      XL: |  1  2  3  4  5  6  7 |
---------------+----------------------+-----
Stealth        | 2 |  2.2
Dodging        | 2 |  2.0
Conjurations   | 2 |  2.0
Spellcasting   | 3 4 5 |  5.0
Fire Magic     | 4 6 |  6.5
Fighting       | |  0.6
Air Magic      | |  0.6

Action                     |  1- 3 |  4- 6 |  7- 9 || total
---------------------------+-------+-------+-------++-------
  Melee: Unarmed           |    10 |       |       ||    10
         Tailslap          |     1 |       |       ||     1
         Short sword       |       |     4 |       ||     4
   Cast: Foxfire           |   151 |   292 |     5 ||   448
         Scorch            |     1 |    21 |     2 ||    24
         Kindle Blastspark |       |       |     2 ||     2
 Armour: Skin              |    10 |    16 |     2 ||    28
  Dodge: Dodged            |    12 |    29 |       ||    41

Table legend: (Time is in decaauts)
 A = Elapsed time spent in this place.
 B = Non-inter-level travel time spent in this place.
 C = Inter-level travel time spent in this place.
 D = Time resting spent in this place.
 E = Time spent auto-exploring this place.
 F = Levels seen in this place.
 G = Mean time per level.
                   A        B        C        D        E       F      G
               +--------+--------+--------+--------+--------+-----+--------+
         Total |   8014 |   7788 |    226 |    463 |   6340 |   5 | 1602.8 |
       Dungeon |   8014 |   7788 |    226 |    463 |   6340 |   5 | 1602.8 |
               +--------+--------+--------+--------+--------+-----+--------+

Top non-repeatable levels by time:
     D:1: 2541 daAuts
     D:3: 1926 daAuts
     D:4: 1573 daAuts
     D:2: 1425 daAuts
     D:5: 547 daAuts
